 Dungeon Crawl Stone Soup version 0.26.0-11-g8f856b5395 (webtiles) character file.

Game seed: 2813726976758108930

351 Descartes the Gusty (level 6, -5/32 HPs)
             Began as a Deep Elf Air Elementalist on Jan 15, 2021.
             Slain by Duvessa
             ... wielding a +0 rapier
              (16 damage)
             ... on level 4 of the Dungeon.
             The game lasted 00:17:26 (4108 turns).

Descartes the Gusty (Deep Elf Air Elementalist)     Turns: 4108, Time: 00:17:26

Health: -5/32      AC:  5    Str:  5    XL:     6   Next: 34%
Magic:  3/14       EV: 13    Int: 22    God:
Gold:   173        SH:  5    Dex: 15    Spells: 12/13 levels left

rFire    . . .     SeeInvis +   o - +2 dagger (holy)
rCold    . . .     Faith    .   c - +1 buckler
rNeg     . . .     Spirit   .   r - +2 robe {Will+}
rPois    .         Reflect  .   (no helmet)
rElec    .         Harm     .   i - +0 cloak
rCorr    .         Rampage  .   (no gloves)
Will     +....                  (no boots)
Stlth    ++........             (no amulet)
HPRegen  0.10/turn              m - ring of see invisible
MPRegen  0.14/turn              (no ring)

@: no status effects
A: no striking features
a: no special abilities


You were on level 4 of the Dungeon.
You visited 1 branch of the dungeon, and saw 4 of its levels.

You collected 173 gold pieces.

Inventory:

Hand Weapons
 l - a cursed -2 short sword
 o - a +2 dagger of holy wrath (weapon)
 q - a +0 mace of draining
Missiles
 b - 43 arrows
 f - 147 stones
 h - 5 boomerangs
 s - 15 poisoned darts (quivered)
 t - a throwing net
Armour
 a - a +0 robe
 c - a +1 buckler (worn)
 i - a +0 cloak (worn)
 r - a +2 robe of willpower (worn)
Jewellery
 m - a ring of see invisible (left hand)
Scrolls
 j - a scroll of immolation
 p - 2 scrolls of enchant armour
Potions
 d - 2 potions of haste {unknown}
 e - a potion of brilliance {unknown}
 g - a potion of heal wounds
 k - 2 potions of lignification {unknown}
 n - a potion of resistance {unknown}


   Skills:
 + Level 3.7 Dodging
 + Level 3.6 Stealth
 + Level 1.2 Shields
 + Level 4.0 Spellcasting
 * Level 3.7 Conjurations
 * Level 4.6 Air Magic


You had 12 spell levels left.
You knew the following spells:

 Your Spells              Type           Power        Failure   Level
a - Shock                 Conj/Air       88%          2%          1

Your spell library contained the following spells:

 Spells                   Type           Power        Failure   Level
 Swiftness                Air            24%          3%          2
 Static Discharge         Conj/Air       22%          9%          3
 Airstrike                Air            12%          24%         4
 Lightning Bolt           Conj/Air       11%          61%         5


Dungeon Overview and Level Annotations

Branches:
Dungeon (4/15)
 Temple: D:4-7

Altars:
Ashenzari
Cheibriados
Elyvilon
Okawaru

Shops:
D:4 =

Annotations:
D:4 Duvessa


Message History

The zap hits Duvessa.
Duvessa is moderately wounded.
The zap hits Duvessa but does no damage.
Duvessa is moderately wounded.
Duvessa hits you with a +0 rapier.
* * * LOW HITPOINT WARNING * * *
You feel much better. Duvessa hits you with a +0 rapier!!
Ouch! That really hurt!
Duvessa barely misses you.
Casting: Shock (safe; 2% risk of failure)
Confirm with . or Enter, or press ? or * to list all spells.
Aiming: Shock (safe; 2% risk of failure)
Press: ? - help, Shift-Dir - straight line The zap hits Duvessa.
Duvessa is moderately wounded.
The zap hits Duvessa.
Duvessa is moderately wounded.
Duvessa hits you with a +0 rapier!
Ouch! That really hurt!
You die...

#.##.# #.# #.. ####.##.# ####.#
#.# .....##.####.##.# #.#
####.#...##.#.#.# #.#
.....#.#...###..# #.########
..##.#...##.#.#.########.......†.
#.##.#######.##...........#######
#.##.## #.##..#######.## #
#.#...######.##.@# #.# #
....#........##.e## #.#
......#########...# #.# .....##
#.>..# ###.#♣♣ .....# #.##.#
##.....♣♣ . .....# #.##(#
#.......♣♣ .e .....#
##.##.##...≈≈≈...♣... .....#
#...#†##..≈≈≈≈≈.....≈ .....#
#.......e.≈≈♣≈≈..e..≈


You could see Duvessa (berserk).

Vanquished Creatures
  Dowan (D:4)
  A scorpion (D:4)
  A bullfrog skeleton (D:4)
  2 orc priests (D:3)
  3 gnolls (D:3)
  2 adders
  3 oozes
  A dart slug (D:1)
  3 worms (D:3)
  5 leopard geckos
  7 orcs
  4 giant cockroaches (D:1)
  10 goblins
  8 hobgoblins
  2 jackals (D:3)
  8 kobolds
  2 quokkas
  15 bats
  6 frilled lizards
  11 rats
95 creatures vanquished.

Notes
Turn   | Place    | Note
-------+----------+-------------------------------------------
     0 | D:1      | Descartes the Deep Elf Air Elementalist began the quest for
                  | the Orb.
     0 | D:1      | Reached XP level 1. HP: 10/10 MP: 6/6
    77 | D:1      | Found a snail-covered altar of Cheibriados.
   114 | D:1      | Reached XP level 2. HP: 14/15 MP: 0/8
   503 | D:1      | Reached XP level 3. HP: 19/19 MP: 5/9
  1678 | D:2      | Reached XP level 4. HP: 24/24 MP: 8/11
  2039 | D:2      | Found a broken altar of Ashenzari.
  2532 | D:3      | Found an iron altar of Okawaru.
  2686 | D:3      | Reached XP level 5. HP: 28/28 MP: 7/12
  2852 | D:3      | Reached skill level 1 in Shields
  3608 | D:4      | Found a white marble altar of Elyvilon.
  3609 | D:4      | Noticed Duvessa
  3609 | D:4      | Noticed Dowan
  3635 | D:4      | Killed Dowan
  3786 | D:4      | Reached XP level 6. HP: 32/32 MP: 6/13
  3995 | D:4      | Found Ucyxoes's Jewellery Shop.
  4108 | D:4      | Slain by Duvessa

Illustrated notes

Levels and vault maps discovered:
D:1:      dpeg_arrival_tiny_g, layout_rooms, minivault_11, cheibriados_altar_1
D:2:      cheibrodos_helix_gallery, layout_basic, ashenzari_altar_1
D:3:      layout_rooms, okawaru_altar_gauntlet_db, minmay_misc_feat_rugged
D:4:      layout_loops_ring, serial_shops, shop, elyvilon_altar_3, uniq_duvessa

Skill      XL: |  1  2  3  4  5  6 |
---------------+-------------------+-----
Conjurations   | 2 3 |  3.7
Dodging        | 3 |  3.7
Stealth        | 3 |  3.6
Air Magic      | 4 |  4.6
Shields        | 1 |  1.2
Spellcasting   | 4 |  4.0

Action                   |  1- 3 |  4- 6 || total
-------------------------+-------+-------++-------
Melee: Unarmed           |     5 |       ||     5
       Dagger            |       |     3 ||     3
Throw: Dart              |       |     1 ||     1
 Cast: Shock             |   108 |   123 ||   231
  Use: Potion            |     1 |     1 ||     2
       Scroll            |       |     4 ||     4
Armor: Robe              |     6 |     3 ||     9
Dodge: Dodged            |    14 |    20 ||    34
Block: Buckler           |     4 |     6 ||    10
